 Seeded DCSS version 0.28-a0-1312-g71652a0310 (webtiles) character file.

Game seed: 4200142385990743409 (custom seed)

144624 croobank the Warrior (level 16, -6/152 HPs)
             Began as a Minotaur Berserker on Dec 27, 2021.
             Was a High Priest of Trog.
             Killed from afar by a quicksilver dragon (38 damage)
             ... with a bolt of dispelling energy
             ... on level 4 of the Snake Pit.
             The game lasted 04:55:22 (38576 turns).

croobank the Warrior (Minotaur Berserker)          Turns: 38576, Time: 04:55:23

Health: -6/152     AC: 30    Str: 29    XL:     16   Next: 85%
Magic:  15/15      EV: 11    Int:  7    God:    Trog [*****.]
Gold:   1925       SH: 18    Dex: 11    Spells: 15/15 levels left

rFire   + . .      SeeInvis .   a - +1 broad axe of Dizidd {protect, Int+3}
rCold   + . .      Faith    .   T - +0 tower shield
rNeg    . . .      Spirit   .   f - +4 plate armour
rPois   +          Reflect  .   E - +2 hood of the Assassin {Detection Stab+ Stlth++}
rElec   +          Harm     .   h - scarf {rC+ rF+}
rCorr   .          Rampage  .   z - +2 pair of gloves {hurl}
Will    ++...                   g - +2 pair of boots
Stlth   ..........              U - amulet of regeneration
HPRegen 1.15/turn               C - ring of the Burgomaster {rElec Will+}
MPRegen 0.14/turn               l - ring of poison resistance

@: on berserk cooldown, studying Shields
A: horns 2, retaliatory headbutt
a: Renounce Religion, Berserk, Trog's Hand, Brothers in Arms


You were on level 4 of the Snake Pit.
You worshipped Trog.
Trog was extremely pleased with you.
You visited 4 branches of the dungeon, and saw 27 of its levels.

You collected 3115 gold pieces.
You spent 1190 gold pieces at shops.

Inventory:

Hand Weapons
 a - the +1 broad axe of Dizidd (weapon) {protect, Int+3}
   (You acquired it on level 3 of the Dungeon)

   It grants its wielder temporary protection when it strikes (+7 to AC).
   Int:       It affects your intelligence (+3).
 b - a +6 hand crossbow of flaming
 k - a +3 quarterstaff of chaos
 r - a +11 antimagic quick blade
 I - a +4 vorpal glaive
 L - the +3 spear "Wefficw" {venom, rElec rPois Int-2 SInv}
   (You found it on level 1 of the Snake Pit)

   It poisons the flesh of those it strikes.
   Int:       It affects your intelligence (-2).
   rElec:     It insulates you from electricity.
   rPois:     It protects you from poison.
   SInv:      It lets you see invisible.
 M - a +0 battleaxe of protection
 Z - a +3 dagger of chaos
Missiles
 e - 614 stones (quivered)
 B - 107 poisoned darts
 F - 192 bolts
 G - 6 curare-tipped darts
Armour
 c - the +0 cloak of the Albatross {Slay+6}
   (You acquired it on level 5 of the Dungeon)

   Slay:      It affects your accuracy & damage with ranged weapons and melee
   (+6).
 f - a +4 plate armour (worn)
 g - a +2 pair of boots (worn)
 h - a scarf of resistance (worn)
 z - a +2 pair of gloves of hurling (worn)
 E - the +2 hood of the Assassin (worn) {Detection Stab+ Stlth++}
   (You found it on level 6 of the Lair of Beasts)

   It allows the wearer to sense nearby creatures.
   It allows the wearer to make particularly effective stabbing attacks against
   helpless or unaware enemies with any weapon.
   Stlth:     It makes you much more stealthy.
 T - a +0 tower shield (worn)
Jewellery
 d - a ring of protection from fire
 l - a ring of poison resistance (right hand)
 m - a ring of ice
 t - a ring of resist corrosion
 C - the ring of the Burgomaster (left hand) {rElec Will+}
   (You found it on level 5 of the Dungeon)

   [ring of willpower]

   rElec:     It insulates you from electricity.
   Will:      It increases your willpower.
 Q - a ring of see invisible
 U - an amulet of regeneration (around neck)
Wands
 w - a wand of acid (4)
 J - a wand of flame (30)
 K - a wand of mindburst (7)
 S - a wand of polymorph (7)
 Y - a wand of iceblast (27)
Scrolls
 i - 3 scrolls of blinking {blinking}
 n - 6 scrolls of fog {fog, unknown}
 x - 8 scrolls of teleportation {teleportation, unknown}
 y - 3 scrolls of immolation {immolation, unknown}
 A - 2 scrolls of silence {silence}
 H - 4 scrolls of fear
 N - 2 scrolls of holy word
 P - a scroll of magic mapping
 V - 10 scrolls of identify
 W - 2 scrolls of brand weapon
Potions
 p - 2 potions of resistance {resistance, unknown}
 q - 3 potions of cancellation {cancellation, unknown}
 s - 5 potions of brilliance {brilliance, unknown}
 u - 3 potions of might
 v - 2 potions of mutation


   Skills:
 + Level 16.5 Fighting
 - Level 8.0 Short Blades
 - Level 15.5 Axes
 - Level 10.0 Crossbows
 - Level 15.3 Armour
 + Level 15.1 Dodging
 - Level 15.0 Shields


You had 15 spell levels left.
You didn't know any spells.
Your spell library contained the following spells:

 Spells                   Type           Power      Damage    Failure   Level
 Beastly Appendage        Tmut           0%         N/A       100%        1
 Foxfire                  Conj/Fire      0%         2x1d4     100%        1
 Sandblast                Erth           0%         2d4       100%        1
 Sting                    Tmut/Pois      0%         1d3       100%        1
 Blink                    Tloc           0%         N/A       100%        2
 Passwall                 Tmut/Erth      0%         N/A       100%        2
 Scorch                   Fire           0%         2d5       100%        2
 Searing Ray              Conj           0%         2d4       100%        2
 Static Discharge         Conj/Air       0%         N/A       100%        2
 Sublimation of Blood     Necr           0%         N/A       100%        2
 Wereblood                Tmut           0%         N/A       100%        2
 Confusing Touch          Hex            0%         N/A       100%        3
 Conjure Flame            Conj/Fire      0%         6-21      100%        3
 Dazzling Flash           Conj/Hex       0%         N/A       100%        3
 Frozen Ramparts          Ice            0%         1d2       100%        3
 Gell's Gravitas          Tloc           0%         N/A       100%        3
 Ignite Poison            Fire/Tmut/Pois 0%         N/A       100%        3
 Inner Flame              Hex/Fire       0%         N/A       100%        3
 Mephitic Cloud           Conj/Pois/Air  0%         N/A       100%        3
 Stone Arrow              Conj/Erth      0%         3d7       100%        3
 Summon Guardian Golem    Hex/Summ       0%         N/A       100%        3
 Teleport Other           Tloc           0%         N/A       100%        3
 Dispel Undead            Necr           0%         3d6       100%        4
 Flame Wave               Conj/Fire      0%         2d4       100%        4
 Ice Form                 Ice/Tmut       0%         N/A       100%        4
 Petrify                  Tmut/Erth      0%         N/A       100%        4
 Sticky Flame             Conj/Fire      0%         2d3       100%        4
 Summon Ice Beast         Ice/Summ       0%         N/A       100%        4
 Summon Lightning Spire   Summ/Air       0%         N/A       100%        4
 Fireball                 Conj/Fire      0%         3d3       100%        5
 Irradiate                Conj/Tmut      0%         3d13      100%        5
 Lightning Bolt           Conj/Air       0%         1d11      100%        5
 Manifold Assault         Tloc           0%         N/A       100%        5
 Summon Mana Viper        Hex/Summ       0%         N/A       100%        5
 Yara's Violent Unravell  Hex/Tmut       0%         3d3       100%        5
 Dispersal                Tloc           0%         N/A       100%        6
 Starburst                Conj/Fire      0%         6d3       100%        6
 Statue Form              Tmut/Erth      0%         N/A       100%        6
 Summon Cactus Giant      Summ           0%         N/A       100%        6
 Enfeeble                 Hex            0%         N/A       100%        7
 Malign Gateway           Summ/Tloc      0%         N/A       100%        7
 Monstrous Menagerie      Summ           0%         N/A       100%        7
 Orb of Destruction       Conj           0%         N/A       100%        7
 Spellforged Servitor     Conj/Summ      0%         N/A       100%        7
 Storm Form               Tmut/Air       0%         N/A       100%        7
 Summon Hydra             Summ           0%         N/A       100%        7
 Ignition                 Fire           0%         3d3       100%        8
 Maxwell's Capacitive Co  Air            0%         ∞         100%        8
 Summon Horrible Things   Summ           0%         N/A       100%        8


Dungeon Overview and Level Annotations

Branches:
Dungeon (15/15)            Temple (0/1) D:7            Lair (6/6) D:8
  Snake (4/4) Lair:4       Spider (0/4) Lair:3        Slime (0/5) Lair:5
    Orc (2/2) D:9             Elf (0/3) Orc:2        Vaults (0/5) D:14
 Depths (0/4) D:15

Altars:
Vehumet
Zin

Shops:
D:10 [   D:12 *   Orc:1 =   Orc:2 :=[[:   Snake:1 =

Annotations:
D:13 3 runed translucent doors, Qemisi's ghost, journeyman OgTm; Remav's ghost, adept GnAr; Zaevetera's ghost, journeyman TeAE
D:14 Rupert


Innate Abilities, Weirdness & Mutations

You have a pair of horns on your head.
You reflexively headbutt those who attack you in melee.


Message History

The bolt of dispelling energy hits your iron troll!!
Your iron troll dies!
Your iron troll's corpse disappears in a puff of smoke!
The bolt of dispelling energy hits you.
You hear a shout! x2
You feel yourself speed up.
The quicksilver dragon breathes dispelling energy at you.
The bolt of dispelling energy hits you!!
You see here a black mamba corpse.
The quicksilver dragon breathes dispelling energy at you.
The bolt of dispelling energy hits you!!
You hear a shout!
The quicksilver dragon bites you.
The quicksilver dragon claws you but does no damage.
You miss the quicksilver dragon.
Your headbutt misses the quicksilver dragon.
The quicksilver dragon closely misses you.
The quicksilver dragon claws you but does no damage.
The quicksilver dragon bites you but does no damage.
You block the quicksilver dragon's attack.
Your shield prevents you from hitting the quicksilver dragon.
Your headbutt misses the quicksilver dragon.
The quicksilver dragon bites you!
The quicksilver dragon closely misses you.
The quicksilver dragon breathes dispelling energy at you.
The bolt of dispelling energy hits you!
* * * LOW HITPOINT WARNING * * *
As you read the scroll of summoning, it crumbles to dust.
Wisps of shadow whirl around you... The quicksilver dragon bites you!
* * * LOW HITPOINT WARNING * * *
The quicksilver dragon misses you.
You swap places.
The quicksilver dragon bites your naga! The quicksilver dragon claws your naga!
The quicksilver dragon bites your naga!
Your naga dies!
Your naga's corpse dissolves into shadows!
You swap places.
The quicksilver dragon breathes dispelling energy at you.
The bolt of dispelling energy hits your salamander!!!
The bolt of dispelling energy hits you!!!
You die...

...⌠.....{#
........N)####
#N....##8.)..#
##8.## ####N.#
#.. ###S.## ..
##DSS.## . {
#.###..# #N#
#..##
####@###...#
#..#..##...#
##....######
##....#
#####.##...#
#....#.###..#
#...#.## ####
####.## #.#
#.....##..


You could see a quicksilver dragon (catching breath, ally target) and a friendly
salamander (summoned).

Vanquished Creatures
  A quicksilver dragon (Snake:4)
  Roxanne (D:14)
  Agnes (Snake:4)
  Aizul (Snake:4)
  A caustic shrike zombie (D:15)
  6 naga warriors
  A salamander tyrant (Snake:4)
  9 hydras
  8 vault guards
  Erolcha (D:12)
  An ogre mage (D:15)
  3 boulder beetles
  A death knight (D:11)
  5 anacondas
  9 two-headed ogres
  2 centaur warriors
  2 orc high priests
  4 shock serpents
  Sonja (Lair:4)
  10 naga sharpshooters
  A goliath frog (Lair:6)
  5 naga ritualists
  A phantasmal warrior (D:15)
  2 deep elf pyromancers
  An orc knight (Orc:1)
  8 mana vipers
  A wolf spider (D:15)
  13 ugly things
  6 orc sorcerers
  A manticore (Lair:5)
  4 cyclopes
  5 salamanders
  34 black mambas
  14 elephants
  2 guardian serpents
  7 naga magi
  A torpor snail (Lair:4)
  Psyche (D:11)
  A gargoyle (D:11)
  3 rime drakes (Lair:5)
  31 cane toads
  A kobold demonologist (D:11)
  7 komodo dragons
  An efreet (D:15)
  A rime drake (shapeshifter) (D:14)
  2 polar bears
  4 tyrant leeches (Lair:6)
  7 trolls
  8 slime creatures
  39 blink frogs
  4 water elementals (D:14)
  8 wyverns
  3 wraiths
  65 yaks
  Eustachio (D:4)
  3 steam dragons
  4 basilisks
  19 vampire mosquitoes
  5 wargs
  33 nagas
  16 water moccasins
  Duvessa (D:6)
  2 acid dragons
  2 hornet zombies
  7 black bears
  26 orc warriors
  2 ice beasts
  A sky beast (D:7)
  4 ogres
  4 necrophages
  12 wolves
  4 centaurs
  4 phantoms
  3 kobold brigands
  2 gnoll sergeants
  20 bullfrogs
  5 scorpions
  Dowan (D:6)
  10 wights
  6 killer bees (D:7)
  2 electric eels (D:14)
  3 howler monkeys
  5 centaur zombies
  5 jellies
  6 hounds
  2 centaur skeletons
  26 orc priests
  A bullfrog skeleton (D:5)
  A gnoll shaman (D:7)
  Crazy Yiuf (D:6)
  An iguana (D:7)
  Jessica (D:2)
  32 orc wizards
  A scorpion zombie (D:5)
  6 hell rats
  A killer bee zombie (D:8)
  16 gnolls
  3 adders
  A shadow imp (D:6)
  3 white imps
  An adder skeleton (D:4)
  A worm (D:2)
  3 dart slugs
  78 orcs
  14 endoplasms
  4 giant cockroaches
  13 goblins
  7 hobgoblins
  4 jackals (D:2)
  24 kobolds
  3 quokkas
  2 ball pythons
  4 bats (D:1)
  4 frilled lizards
  5 rats
  2 butterflies
843 creatures vanquished.

Vanquished Creatures (collateral kills)
  Donald (Snake:4)
  3 hydras
  A naga warrior (Snake:3)
  An anaconda (Snake:4)
  A black mamba (Snake:4)
  2 naga magi (Snake:3)
  A cane toad (Lair:2)
  A komodo dragon (Lair:3)
  4 yaks
  3 black bears (D:8)
  A wolf (Lair:2)
  A centaur (D:8)
  An orc priest (D:8)
  3 gnolls (D:8)
  4 orcs (D:8)
28 creatures vanquished.

Vanquished Creatures (others)
  A naga ritualist (Snake:4)
  A wizard (D:14)
  A basilisk (Lair:5)
  96 fungi
  153 plants
  8 withered plants
260 creatures vanquished.

Grand Total: 1131 creatures vanquished

Notes
Turn   | Place    | Note
-------+----------+-------------------------------------------
     0 | D:1      | croobank the Minotaur Berserker began the quest for the
                  | Orb.
     0 | D:1      | Reached XP level 1. HP: 19/19 MP: 0/0
    56 | D:1      | Found a faded altar of an unknown god.
   162 | D:1      | Reached XP level 2. HP: 27/27 MP: 1/1
   543 | D:1      | Reached skill level 4 in Fighting
  1010 | D:2      | Reached XP level 3. HP: 29/33 MP: 2/2
  1054 | D:2      | Noticed Jessica
  1063 | D:2      | Killed Jessica
  1135 | D:2      | Reached ** piety under Trog
  1373 | D:2      | Reached XP level 4. HP: 31/40 MP: 3/3
  2655 | D:3      | Reached XP level 5. HP: 47/47 MP: 4/4
  3093 | D:4      | Noticed a black bear
  3167 | D:4      | Noticed a phantom
  3203 | D:3      | Identified 2 scrolls of acquirement {acquirement}
  3203 | D:3      | Acquired the +1 broad axe of Dizidd {protect, Int+3}
  3214 | D:3      | Killed a black bear
  3215 | D:3      | Reached skill level 5 in Fighting
  3215 | D:3      | Reached skill level 5 in Axes
  3340 | D:4      | Reached XP level 6. HP: 52/56 MP: 5/5
  3349 | D:4      | Found a radiant altar of Vehumet.
  3495 | D:5      | Entered Level 5 of the Dungeon
  3830 | D:5      | Reached skill level 5 in Armour
  3830 | D:5      | Reached XP level 7. HP: 38/62 MP: 6/6
  4168 | D:5      | Acquired the +0 cloak of the Albatross {Slay+6}
  4194 | D:5      | Reached skill level 6 in Fighting
  4300 | D:5      | Reached skill level 5 in Dodging
  4649 | D:5      | Reached XP level 8. HP: 70/71 MP: 7/7
  4658 | D:5      | Identified the ring of the Burgomaster {rElec Will+}
  5062 | D:6      | Reached *** piety under Trog
  5064 | D:6      | Noticed Duvessa
  5072 | D:6      | Noticed Dowan
  5081 | D:6      | Killed Dowan
  5290 | D:6      | Killed Duvessa
  5395 | D:6      | Reached skill level 7 in Fighting
  5491 | D:6      | Got the Volume of the Doomed Escort
  5603 | D:6      | Found a runed translucent door.
  5604 | D:6      | Noticed Crazy Yiuf
  5608 | D:6      | Killed Crazy Yiuf
  6142 | D:6      | Reached XP level 9. HP: 81/81 MP: 8/8
  6154 | D:6      | Reached skill level 8 in Fighting
  6854 | D:7      | Reached **** piety under Trog
  7012 | D:7      | Noticed an orc sorcerer
  7018 | D:7      | Noticed a hellwing
  7376 | D:4      | Noticed Eustachio
  7386 | D:4      | Killed Eustachio
  7811 | D:7      | Reached skill level 9 in Fighting
  7951 | D:7      | Found a staircase to the Ecumenical Temple.
  8308 | D:7      | Killed an orc sorcerer
  8309 | D:7      | Reached XP level 10. HP: 91/91 MP: 9/9
  8666 | D:8      | Found a staircase to the Lair.
  8674 | D:8      | Noticed a cyan ugly thing
  8689 | D:8      | Reached skill level 10 in Fighting
  8689 | D:8      | Reached skill level 10 in Axes
 10144 | D:9      | Noticed a deep elf pyromancer
 10186 | D:9      | Reached skill level 10 in Armour
 10203 | D:8      | Reached ***** piety under Trog
 10669 | Lair:1   | Entered Level 1 of the Lair of Beasts
 10710 | Lair:1   | You fall into a shaft and drop 1 floor!
 10967 | Lair:1   | Noticed a cane toad
 10972 | Lair:1   | Killed a cane toad
 10973 | Lair:1   | Reached XP level 11. HP: 101/101 MP: 10/10
 11313 | Lair:1   | Reached skill level 11 in Fighting
 11503 | Lair:1   | Noticed a four-headed hydra
 11515 | Lair:1   | Killed a four-headed hydra
 11516 | Lair:1   | Reached skill level 10 in Dodging
 11940 | Lair:1   | Noticed a seven-headed hydra
 11947 | Lair:1   | Killed a seven-headed hydra
 12317 | Lair:2   | Reached skill level 12 in Fighting
 12430 | Lair:2   | Noticed a seven-headed hydra
 12452 | Lair:2   | Killed a seven-headed hydra
 12453 | Lair:2   | Reached XP level 12. HP: 50/112 MP: 11/11
 13418 | Lair:3   | Received a gift from Trog
 13675 | Lair:3   | Acquired a scarf of resistance
 14060 | Lair:3   | Noticed a seven-headed hydra
 14075 | Lair:3   | Killed a seven-headed hydra
 14453 | Lair:3   | Found a glowing silver altar of Zin.
 14501 | Lair:3   | Reached skill level 13 in Fighting
 14635 | Lair:3   | Found a hole to the Spider Nest.
 15079 | Lair:4   | Noticed an eight-headed hydra
 15101 | Lair:3   | Killed an eight-headed hydra
 15364 | Lair:4   | Noticed a four-headed hydra
 15371 | Lair:4   | Killed a four-headed hydra
 15445 | Lair:4   | Found a staircase to the Snake Pit.
 15682 | Lair:4   | Reached XP level 13. HP: 123/123 MP: 12/12
 15794 | Lair:4   | Noticed Sonja
 15833 | Lair:4   | Killed Sonja
 16506 | Lair:5   | Reached skill level 14 in Fighting
 17300 | Lair:5   | Found a staircase to the Slime Pits.
 18194 | Lair:6   | Entered Level 6 of the Lair of Beasts
 18987 | Lair:6   | Reached skill level 15 in Fighting
 19064 | Lair:6   | Reached skill level 15 in Axes
 19211 | Lair:6   | Received a gift from Trog
 19254 | Lair:6   | Reached XP level 14. HP: 135/135 MP: 13/13
 19398 | Lair:6   | Reached skill level 1 in Short Blades
 19729 | Lair:6   | Reached skill level 15 in Armour
 20714 | Lair:6   | Found the +2 hood of the Assassin {Detection Stab+ Stlth++}
 21162 | D:9      | Upgraded the game from 0.28-a0-1286-g6bde065e89 to
                  | 0.28-a0-1312-g71652a0310
 21448 | D:9      | Found a staircase to the Orcish Mines.
 21982 | D:10     | Entered Level 10 of the Dungeon
 22181 | D:10     | You fall into a shaft and drop 1 floor!
 22396 | D:11     | Reached skill level 1 in Shields
 22847 | D:11     | Noticed Psyche
 22866 | D:11     | Killed Psyche
 23211 | D:10     | Found Cauxalal's Armour Emporium.
 23457 | D:10     | Reached skill level 5 in Shields
 24820 | D:12     | Found Ameibob's General Store.
 25050 | D:12     | Reached ****** piety under Trog
 25455 | D:12     | Noticed Erolcha
 25460 | D:12     | Killed Erolcha
 26103 | D:13     | Found a runed translucent gate.
 26103 | D:13     | Found a runed translucent gate.
 26104 | D:13     | Found a runed translucent gate.
 26105 | D:13     | Noticed Qemisi's ghost (journeyman OgTm)
 26105 | D:13     | Noticed Remav's ghost (adept GnAr)
 26106 | D:13     | Noticed Zaevetera's ghost (journeyman TeAE)
 27074 | D:12     | Received a gift from Trog
 27842 | D:13     | Reached skill level 10 in Shields
 27842 | D:13     | Reached XP level 15. HP: 136/141 MP: 7/14
 28239 | D:14     | Found a gate to the Vaults.
 28903 | D:14     | Identified Roxanne's Volume of Shape Shifting
 28903 | D:14     | Noticed Roxanne
 28925 | D:14     | Killed Roxanne
 29830 | D:15     | Entered Level 15 of the Dungeon
 30287 | D:15     | Found a staircase to the Depths.
 30327 | D:14     | Noticed Rupert
 30871 | Orc:1    | Entered Level 1 of the Orcish Mines
 31125 | Orc:2    | Entered Level 2 of the Orcish Mines
 31459 | Orc:1    | Found Ekoypp's Jewellery Emporium.
 31615 | Orc:1    | Bought a ring of poison resistance for 280 gold pieces
 32375 | Orc:2    | Received a gift from Trog
 32834 | Orc:2    | Found Huamulan's Armour Shoppe.
 32836 | Orc:2    | Found Cuydweeh's Jewellery Emporium.
 32852 | Orc:2    | Found Eradd's Book Emporium.
 32855 | Orc:2    | Found Lulius's Armour Shoppe.
 32924 | Orc:2    | Bought a ring of see invisible for 210 gold pieces
 33000 | Orc:2    | Found a staircase to the Elven Halls.
 33048 | Orc:2    | Reached skill level 15 in Shields
 33196 | Orc:2    | Found Tujal's Self-Improvement Boutique.
 33350 | Orc:1    | Bought an amulet of regeneration for 420 gold pieces
 33789 | Orc:2    | Bought a ring of resist corrosion for 280 gold pieces
 34017 | Snake:1  | Entered Level 1 of the Snake Pit
 34139 | Snake:1  | Reached skill level 5 in Short Blades
 34234 | Snake:1  | Identified the +3 spear "Wefficw" {venom, rElec rPois Int-2
                  | SInv}
 34425 | Snake:1  | Received a gift from Trog
 35103 | Snake:1  | Found Urimiss's Jewellery Shop.
 35159 | Snake:1  | Reached skill level 1 in Crossbows
 35205 | Snake:1  | Reached XP level 16. HP: 137/149 MP: 5/15
 35894 | Snake:2  | Reached skill level 5 in Crossbows
 36519 | Snake:3  | Received a gift from Trog
 36863 | Snake:3  | Got Mekhuru's Reference Book on Aerial Battle Magic
 36935 | Snake:4  | Entered Level 4 of the Snake Pit
 37187 | Snake:3  | Acquired a manual of Shields
 37594 | Snake:4  | Found a frozen archway.
 37611 | Snake:4  | Reached skill level 10 in Crossbows
 37724 | Snake:4  | Noticed Agnes
 37741 | Snake:4  | Killed Agnes
 37999 | Snake:4  | Reached skill level 16 in Fighting
 38220 | Snake:4  | Noticed Aizul
 38249 | Snake:4  | HP: 5/226 [Aizul (14)]
 38265 | Snake:4  | Killed Aizul
 38277 | Snake:4  | HP: 12/339 [naga sharpshooter/arrow (14)]
 38345 | Snake:4  | Noticed Donald
 38355 | Snake:4  | Killed Donald
 38522 | Snake:4  | Reached skill level 15 in Dodging
 38526 | Snake:4  | Noticed a quicksilver dragon
 38554 | Snake:4  | Killed a quicksilver dragon
 38560 | Snake:4  | Received a gift from Trog
 38560 | Snake:4  | Noticed a quicksilver dragon
 38576 | Snake:4  | Killed from afar by a quicksilver dragon

Illustrated notes

Levels and vault maps discovered:
D:1:      dpeg_arrival_fog, layout_loops_ring, nicolae_ecumenical_lake_church,
          chequers_mini_garden
D:2:      layout_basic, uniq_jessica
D:3:      layout_basic, chequers_decorated_corner
D:4:      layout_rooms, vehumet_crystals, minmay_misc_feat_pillars,
          uniq_eustachio
D:5:      layout_cave_pods, serial_bayou_pond_c
D:6:      nicolae_cairo_tiling_large, layout_loops_ring, serial_rivers,
          chequers_serial_rivers_small_a, chequers_serial_rivers_small_3,
          chequers_serial_rivers_micro_e, chequers_serial_rivers_room_b,
          kennysheep_generic_room_10, uniq_duvessa, uniq_crazy_yiuf_cottage
D:7:      cheibrodos_wizards_tower, layout_gridville,
          minmay_temple_entry_junction, minmay_misc_feat_more_columns
D:8:      layout_gridville, due_lair_maze_entry_diamond
D:9:      layout_gridville, erik_orc_4, minmay_quadrilaterals
D:10:     layout_layer_cave, serial_shops, shop, wad_floor_pattern_untrapped
D:11:     layout_basic, uniq_psyche
D:12:     layout_rooms, serial_shops, shop_statue, nicolae_sextant,
          minmay_librarian, uniq_erolcha
D:13:     layout_basic, gammafunk_ghost_cemetery
D:14:     layout_basic, erik_vaults_2, serial_shops,
          nicolae_shop_window_shopping, lemuel_coloured_pillars_altar,
          hangedman_decor_points, minivault_10, grunt_decor_arrowhead,
          nicolae_take_the_stairs, uniq_rupert, uniq_roxanne
D:15:     gammafunk_depths_entry_grave, layout_loops_corners,
          kennysheep_crisscross, gammafunk_ghost_tricky_traps, uniq_jorgrun,
          uniq_kirke
Lair:1:   layout_cave_pods, minivault_25, grunt_megastairs_5,
          infiniplex_staircase_pool_2, serial_bayou_shore_b, lemuel_fruit_tree
Lair:2:   layout_cave_pods, beast_lair_carwin_7, lemuel_fruit_fields
Lair:3:   layout_chaotic_city, dummy_spider_entry, basic_altar,
          chequers_serial_rivers_small_3, serial_bayou_pond_a, st_stairs_6
Lair:4:   layout_hall_layers, minmay_snake_entry_guardpost_medium,
          lemuel_fruit_fields, serial_bayou_shore_b, uniq_sonja
Lair:5:   layout_roguey, nicolae_slime_entry_slimehenge, special_room
          [special_room_mythical_zoo]
Lair:6:   minmay_lair_end_frog_pond, layout_long_grid, grunt_megastairs_2
Snake:1:  layout_basic, minmay_shop_star
Snake:2:  layout_cave_shapes, special_room
Snake:3:  layout_honeycomb
Snake:4:  hellmonk_snake_rune_quicksilver_temple, layout_onion_interference,
          portal_ice_cave_entry_ugly_swarm, serial_bayou_shore_b, uniq_aizul,
          uniq_donald, uniq_agnes
Orc:1:    layout_diamond_mine, serial_shops, nicolae_shop_stone
Orc:2:    st_orc_mages, layout_diamond_mine, nicolae_shop_self_help

Skill      XL: |  1  2  3  4  5  6  7  8  9 10 11 12 13 14 15 16 |
---------------+-------------------------------------------------+-----
Armour         | 3 4 5 6 7 9 10 12 13 14 15 | 15.3
Fighting       | 4 5 6 7 9 10 12 13 15 16 | 16.5
Axes           | 4 5 6 7 9 10 12 13 15 | 15.5
Dodging        | 3 4 5 6 8 9 11 12 13 14 15 | 15.1
Short Blades   | 3 8 |  8.0
Shields        | 10 15 | 15.0
Crossbows      | 2 10 | 10.0

Action                   |  1- 3 |  4- 6 |  7- 9 | 10-12 | 13-15 | 16-18 || total
-------------------------+-------+-------+-------+-------+-------+-------++-------
Melee: Hand axe          |    64 |    63 |       |       |       |       ||   127
       Headbutt          |    11 |    18 |    34 |    92 |   397 |    74 ||   626
       Broad axe         |       |    37 |   196 |   362 |  1172 |   372 ||  2139
       Quarterstaff      |       |       |       |    26 |    43 |       ||    69
       Quick blade       |       |       |       |       |   386 |       ||   386
 Fire: Hand crossbow     |       |       |    11 |    28 |    45 |   125 ||   209
Throw: Stone             |       |     4 |    10 |     1 |     4 |       ||    19
Invok: Berserk           |       |       |     1 |     2 |    18 |     5 ||    26
       Brothers in Arms  |       |       |       |     4 |     1 |     3 ||     8
       Trog's Hand       |       |       |       |     1 |       |     2 ||     3
Evoke: Wand              |       |       |       |       |    17 |     4 ||    21
  Use: Scroll            |       |     1 |     7 |    10 |    14 |     8 ||    40
       Potion            |       |       |       |       |     5 |    12 ||    17
 Stab: Sleeping          |     2 |       |       |       |       |       ||     2
Armor: Animal skin       |    13 |     2 |       |       |       |       ||    15
       Leather armour    |       |    32 |    11 |       |       |       ||    43
       Chain mail        |       |       |   117 |     2 |       |       ||   119
       Plate armour      |       |       |       |   357 |   858 |   168 ||  1383
       Skin              |       |       |       |       |       |    23 ||    23
Dodge: Dodged            |    48 |    73 |   130 |   258 |   755 |   133 ||  1397
Block: Kite shield       |       |       |       |       |   117 |   147 ||   264
       Tower shield      |       |       |       |       |       |   175 ||   175

Table legend: (Time is in decaauts)
 A = Elapsed time spent in this place.
 B = Non-inter-level travel time spent in this place.
 C = Inter-level travel time spent in this place.
 D = Time resting spent in this place.
 E = Time spent auto-exploring this place.
 F = Levels seen in this place.
 G = Mean time per level.
                   A        B        C        D        E       F      G
               +--------+--------+--------+--------+--------+-----+--------+
         Total |  38602 |  37242 |   1360 |  10744 |  15909 |  27 | 1429.7 |
       Dungeon |  20619 |  19954 |    665 |   5944 |   9077 |  15 | 1374.6 |
          Lair |  10525 |  10123 |    402 |   3347 |   4055 |   6 | 1754.2 |
     Snake Pit |   4575 |   4479 |     96 |    643 |   1858 |   4 | 1143.8 |
  Orcish Mines |   2882 |   2686 |    196 |    809 |    917 |   2 | 1441.0 |
               +--------+--------+--------+--------+--------+-----+--------+

Top non-repeatable levels by time:
  Lair:6: 2402 daAuts
    D:13: 2057 daAuts
  Lair:5: 2025 daAuts
     D:6: 2018 daAuts
     D:8: 1973 daAuts
    D:12: 1933 daAuts
  Lair:3: 1880 daAuts
 Snake:1: 1673 daAuts
     D:5: 1602 daAuts
    D:11: 1528 daAuts
    D:14: 1525 daAuts
  Lair:4: 1499 daAuts
   Orc:1: 1446 daAuts
   Orc:2: 1435 daAuts
     D:2: 1431 daAuts
